 Dungeon Crawl Stone Soup version 0.20.0-15-g7f486f2 (webtiles) character file.

42 HexTechBomber the Shield-Bearer (level 3, -1/33 HPs)
             Began as a Minotaur Fighter on June 16, 2017.
             Slain by Eustachio
             ... wielding a +0 rapier
              (2 damage)
             ... on level 4 of the Dungeon.
             The game lasted 00:07:29 (939 turns).

HexTechBomber the Shield-Bearer (Minotaur Fighter)   Turns: 939, Time: 00:07:30

Health: -1/33      AC:  8    Str: 26    XL:     3   Next: 35%
Magic:  2/2        EV:  7    Int:  5    God:
Gold:   30         SH: 10    Dex:  9    Spells: 2/2 levels left

rFire    . . .     SeeInvis +   n - +0 hand axe
rCold    . . .     Gourm    .   c - +0 shield
rNeg     + . .     Faith    .   b - +1 scale mail
rPois    .         Spirit   .   (helmet restricted)
rElec    .         Reflect  .   (no cloak)
rCorr    .         Harm     .   (no gloves)
MR       .....                  (no boots)
Stlth    ..........             (no amulet)
Regen    0.2/turn               e - ring of see invisible
MPRegen  0.1/turn               v - ring of positive energy

@: mighty
A: retaliatory headbutt, horns 2
a: no special abilities


You were on level 4 of the Dungeon.
You were full.

You visited 1 branch of the dungeon, and saw 3 of its levels.

You collected 30 gold pieces.

Inventory:

Hand Weapons
 a - a +0 war axe
 g - a +0 whip
 l - a +0 hand axe
 n - a +0 hand axe (weapon)
 o - a +0 hand axe
 r - a +0 club
 s - a +0 spear
 t - a +0 short sword
 w - a +0 short sword
Missiles
 h - 17 sling bullets
 i - 7 needles of confusion (quivered)
 q - 31 stones
Armour
 b - a +1 scale mail (worn)
 c - a +0 shield (worn)
Jewellery
 e - a ring of see invisible (left hand)
 v - a ring of positive energy (right hand)
Scrolls
 j - 2 scrolls of enchant armour
 m - a scroll of identify {unknown}
 p - a scroll of recharging {unknown}
Potions
 k - 2 potions of curing {unknown}
Comestibles
 f - a bread ration
 u - a meat ration


   Skills:
 + Level 3.9 Fighting
 + Level 3.2 Axes
 + Level 4.2 Armour
 + Level 0.2 Dodging
 + Level 4.2 Shields


You had 2 spell levels left.
You didn't know any spells.

Dungeon Overview and Level Annotations

Branches:
Dungeon (2/15)

Altars:

Annotations:
D:4 Eustachio


Innate Abilities, Weirdness & Mutations

You reflexively headbutt those who attack you in melee.
You have a pair of horns on your head.


Message History

You kill the orc!
You closely miss the orc. You hit the iron imp.
Your shield and scale mail prevent you from hitting Eustachio.
You block Eustachio's attack. The orc hits you but does no damage.
You slash the orc!
You kill the orc!
Your shield and scale mail prevent you from hitting Eustachio.
You hit the iron imp but do no damage. Eustachio hits you but does no damage.
The iron imp summons a swarm of flies.
You block the iron imp's attack. Eustachio barely misses you.
The iron imp hits you.
* * * LOW HITPOINT WARNING * * *
You completely miss the iron imp. Your headbutt misses the iron imp.
The iron imp is lightly wounded.
You slash Eustachio!
Your shield and scale mail prevent you from hitting the iron imp.
The iron imp hits you.
* * * LOW HITPOINT WARNING * * *
Eustachio hits you with a rapier.
You die...

#....##
##.....##
#.......#
#.......#
.......#
#....(#
.######.....##
.......)@....##
.......@55....#
.###...)5.....#
#.....=....#
#..........#
#..........#
#..........#
#..........#
############


You could see Eustachio, 2 iron imps and a crimson imp.

Vanquished Creatures
  A worm (D:2)
  A dart slug (D:1)
  5 orcs (D:4)
  3 giant cockroaches
  A goblin (D:1)
  7 jackals
  6 kobolds
  2 bats (D:1)
  2 frilled lizards (D:1)
  A rat (D:2)
29 creatures vanquished.

Notes
Turn   | Place    | Note
-------+----------+-------------------------------------------
     0 | D:1      | HexTechBomber the Minotaur Fighter began the quest for the Orb.
     0 | D:1      | Reached XP level 1. HP: 19/19 MP: 0/0
   152 | D:1      | Reached XP level 2. HP: 27/27 MP: 1/1
   762 | D:1      | You fall through a shaft!
   898 | D:2      | Reached XP level 3. HP: 32/33 MP: 2/2
   921 | D:2      | You fall through a shaft for 2 floors!
   921 | D:4      | Noticed Eustachio
   939 | D:4      | HP: 1/33 [iron imp[Eustachio] (5)]
   939 | D:4      | Slain by Eustachio

Skill      XL: |  1  2  3 |
---------------+----------+-----
Shields        | 4 |  4.2
Armour         | 4 |  4.2
Axes           | 3 |  3.2
Fighting       | |  3.9
Dodging        | |  0.2

Action                   || total
-------------------------++-------
Melee: War axe           ||    11
       Headbutt          ||    12
       Hand axe          ||    41
  Use: Scroll            ||     2
       Potion            ||     1
  Eat: Bread ration      ||     1
Armor: Scale mail        ||    28
Dodge: Dodged            ||    31
Block: Shield            ||    49
